 Dungeon Crawl Stone Soup version 0.23-a0-370-gf497b7c (webtiles) character file.

170 Amnesiac the Digger (level 5, -3/32 HPs)
             Began as an Octopode Earth Elementalist on Oct 24, 2018.
             Slain by an iguana (12 damage)
             ... on level 5 of the Dungeon.
             The game lasted 00:04:35 (1338 turns).

Amnesiac the Digger (Octopode Earth Elementalist)   Turns: 1338, Time: 00:04:35

Health: -3/32      AC:  1    Str:  8    XL:     5   Next: 50%
Magic:  9/9        EV: 12    Int: 18    God:
Gold:   102        SH:  7    Dex: 12    Spells: 0/10 levels left

rFire    . . .     SeeInvis .   d - +2 hand axe (elec)
rCold    . . .     Gourm    .   p - +0 buckler
rNeg     . . .     Faith    .   (helmet restricted)
rPois    .         Spirit   .   q - +4 amulet of reflection
rElec    .         Reflect  +   o - ring of flight
rCorr    .         Harm     .   (no ring)
MR       .....                  (no ring)
Stlth    +++.......             (no ring)
HPRegen  0.10/turn              (no ring)
MPRegen  0.11/turn              (no ring)
                                (no ring)
                                (no ring)

@: no status effects
A: almost no armour, stealthy swim, amphibious, 8 rings, constrict 8, camouflage
1, gelatinous body 1
a: Evoke Flight


You were on level 5 of the Dungeon.
You were not hungry.

You visited 1 branch of the dungeon, and saw 5 of its levels.

You collected 102 gold pieces.

Inventory:

Hand Weapons
 d - a +2 hand axe of electrocution (weapon)
Missiles
 b - 121 stones (quivered)
Armour
 p - a +0 buckler (worn)
Jewellery
 o - a ring of flight (left tentacle)
 q - a +4 amulet of reflection (around mantle)
Scrolls
 a - a scroll of identify {!r, unknown}
 f - 4 scrolls of remove curse {!r, unknown}
 g - a scroll of amnesia {!r, unknown}
 h - a scroll of enchant armour {!r, unknown}
 k - 3 scrolls of noise {!r, unknown}
 l - 2 scrolls of teleportation {!r, unknown}
 m - a scroll of blinking {!r, unknown}
 n - a scroll of random uselessness {!r, unknown}
Potions
 e - 2 potions of haste {!q, unknown}
 j - a potion of brilliance {!q, unknown}
Comestibles
 c - 4 rations
 i - 5 chunks of flesh


   Skills:
 + Level 0.8 Fighting
 - Level 2.0 Dodging
 - Level 3.0 Stealth
 + Level 0.3 Shields
 + Level 3.2 Spellcasting
 - Level 1.0 Transmutations
 * Level 5.0 Earth Magic


You couldn't memorise any spells.
You knew the following spells:

 Your Spells              Type           Power        Failure   Level  Hunger
a - Sandblast             Erth           ###...       3%          1    None
d - Lee's Rapid Deconstr  Erth           ###.......   65%         5    ######.
e - Petrify               Tmut/Erth      ##......     58%         4    ####...

Your spell library contained the following spells:

 Spells                   Type           Power        Failure   Level  Hunger
 Passwall                 Tmut/Erth      ##......     11%         2    ##.....
 Stone Arrow              Conj/Erth      ##....       26%         3    ###....


Dungeon Overview and Level Annotations

Branches:
Dungeon (5/15)
 Temple: D:4-7

Altars:
Fedhas
Makhleb
Xom


Innate Abilities, Weirdness & Mutations

You cannot wear most types of armour.
You are very stealthy in the water. (Stealth+)
You are amphibious.
You can wear up to eight rings at the same time.
You can use your tentacles to constrict eight enemies at once.
Your skin changes colour to match your surroundings (Stealth+).
Your rubbery body absorbs attacks. (AC +1, EV +1)


Message History

The orc hits you with a +0 dagger. The orc hits you but does no damage.
You hit the orc but do no damage. Lightning courses through the orc!
You kill the orc!
Some of the chunks of flesh in your inventory have rotted away.
No target in view!
Things that are here:
a +0 dagger; a +0 ring mail; an orc corpse You butcher the orc corpse.
i - 11 chunks of flesh (gained 3)
Things that are here:
a +0 dagger; a +0 ring mail; an orc skeleton
Things that are here:
a +0 dagger; a +0 ring mail; an orc skeleton You now have 102 gold pieces (gained 5).
k - 3 scrolls labeled TEZOMI HAGAA {!r} (gained 2) HP restored.
Found an escape hatch in the floor.
b - 121 stones (gained 20)
Found a stone staircase leading down.
l - 2 scrolls labeled TEXONKU KAYMEESCH {!r} (gained 1)
A centaur skeleton comes into view.
A centaur skeleton is nearby!
Found a square beryl amulet.
You hit the centaur skeleton. You squeeze the centaur skeleton!
The centaur skeleton is heavily damaged.
The centaur skeleton misses you. x2
You hit the centaur skeleton.
The centaur skeleton is heavily damaged.
You block the centaur skeleton's attack.
The centaur skeleton hits you.
You hit the centaur skeleton.
The centaur skeleton is severely damaged.
The centaur skeleton barely misses you.
You hit the centaur skeleton but do no damage.
Lightning courses through the centaur skeleton!
You destroy the centaur skeleton!
Your Earth Magic skill increases to level 5!
No target in view!
Some of the chunks of flesh in your inventory have rotted away.
q - a square beryl amulet Put on which piece of jewellery? (? for menu, Esc to quit)
q - a +4 amulet of reflection (around mantle) Put on which piece of jewellery? (? for menu, Esc to quit)
Okay, then.
Okay, then.
There is a stone staircase leading down here.
You climb downwards.
There is a stone staircase leading up here.
Some of the chunks of flesh in your inventory have rotted away.
Found a blossoming altar of Fedhas.
An iguana comes into view.
The iguana barely misses you.
You hit the iguana but do no damage. You grab the iguana.
You constrict the iguana. The iguana bites you!
You hit the iguana.
You squeeze the iguana, but do no damage.
The iguana is moderately wounded.
You constrict the iguana. The iguana bites you!
* * * LOW HITPOINT WARNING * * *
You hit the iguana but do no damage.
The iguana is moderately wounded.
You constrict the iguana, but do no damage.
The iguana bites you!
You die...

..............#
..............#
.............##
.............##
............#.##
!.........###.####
....##.### ##.#.#
...##...## #...##
#....@# #....#
#......l# #...##
#....._.....#...#
#.#.......#.#...#
#.##.....##.#...#
. ##...## #...#
##.## ....# #.
.....#


You could see an iguana.

Vanquished Creatures
  A centaur skeleton (D:4)
  Natasha (thrice) (D:2)
  An adder (D:2)
  An ooze (D:3)
  A worm (D:2)
  A leopard gecko (D:1)
  9 orcs
  5 goblins
  4 hobgoblins (D:2)
  2 jackals (D:2)
  4 kobolds
  2 bats (D:3)
  3 frilled lizards
  3 rats (D:2)
40 creatures vanquished.

Notes
Turn   | Place    | Note
-------+----------+-------------------------------------------
     0 | D:1      | Amnesiac the Octopode Earth Elementalist began the quest
                  | for the Orb.
     0 | D:1      | Reached XP level 1. HP: 11/11 MP: 3/3
   173 | D:1      | Reached XP level 2. HP: 17/17 MP: 5/5
   224 | D:2      | Noticed Natasha
   231 | D:2      | Noticed a crimson imp
   232 | D:2      | Killed Natasha
   232 | D:2      | Reached XP level 3. HP: 3/21 MP: 1/6
   604 | D:2      | Noticed Natasha
   631 | D:2      | Killed Natasha
   631 | D:2      | Reached skill level 4 in Earth Magic
   631 | D:2      | Reached XP level 4. HP: 27/27 MP: 4/8
   658 | D:2      | Found a burning altar of Makhleb.
   719 | D:2      | Noticed Natasha
   726 | D:2      | Killed Natasha
   967 | D:3      | Reached XP level 5. HP: 31/31 MP: 9/9
   983 | D:3      | Learned a level 5 spell: Lee's Rapid Deconstruction
   988 | D:3      | Learned a level 4 spell: Petrify
  1159 | D:4      | Found a shimmering altar of Xom.
  1159 | D:4      | Found a shimmering altar of Xom.
  1291 | D:4      | Reached skill level 5 in Earth Magic
  1312 | D:5      | Entered Level 5 of the Dungeon
  1332 | D:5      | Found a blossoming altar of Fedhas.
  1338 | D:5      | Slain by an iguana

Vault maps used:
D:1:      mrwooster_arrival_statue, minivault_25
D:2:      first_ration, bloody_makhleb, uniq_natasha
D:3:      nicolae_qazlal_style_of_elements, nicolae_tso_carved_into_rock
D:4:      xom_redecorated
D:5:      lemuel_round_altar, nicolae_overflow_crystal_walls,
          nemelex_xobeh_ov_fountains_minmay,
          nicolae_dithmenos_through_a_glass_darkly

Skill      XL: |  1  2  3  4  5 |
---------------+----------------+-----
Stealth        | 3 |  3.0
Earth Magic    | 4 5 |  5.0
Spellcasting   | 3 |  3.2
Fighting       | |  0.8
Dodging        | |  2.0
Shields        | |  0.3
Transmutations | |  1.0

Action                   |  1- 3 |  4- 6 || total
-------------------------+-------+-------++-------
Melee: Hand axe          |    13 |    57 ||    70
       Unarmed           |     2 |       ||     2
       Tentacles         |     1 |    11 ||    12
       Constrict         |       |    16 ||    16
 Cast: Sandblast         |     5 |     1 ||     6
 Stab: Sleeping          |     7 |     3 ||    10
  Eat: Chunk             |       |     1 ||     1
Armor: Skin              |     1 |     1 ||     2
Dodge: Dodged            |     6 |    31 ||    37
Block: Buckler           |       |     1 ||     1

Table legend:
 A = Non-vault XP
 B = Vault XP
 C = Vault XP percentage of total XP
 D = Non-vault monster count
 E = Vault monster count
 F = Vault count percentage of total count
                 A         B        C        D         E       F
            +---------+---------+-------+---------+---------+-------
      Total |     206 |      37 |  15.2 |      39 |       1 |   2.5
            +---------+---------+-------+---------+---------+-------
        D:1 |      12 |       0 |   0.0 |       6 |       0 |   0.0
        D:2 |     112 |      37 |  24.8 |      17 |       1 |   5.6
        D:3 |      37 |       0 |   0.0 |      13 |       0 |   0.0
        D:4 |      45 |       0 |   0.0 |       3 |       0 |   0.0
            +---------+---------+-------+---------+---------+-------
